Cogmind - Beta 11 @@@ ROGUE MODE // 2022.04.19 @ 17:37:31 Player: Momo Result: Self-destructed Performance ------------- Evolutions (4) 2000 Regions Visited (9) 1800 Robots Destroyed (20) 100 Value Destroyed (413) 413 Prototype IDs (3) 60 Alien Tech Used (0) 0 Bonus (484) 484 TOTAL SCORE: 4857 Bonus ------- High Alert Combat Kills 44 Follower Combat Kills 21 Entered Garrisons 200 Aligned with FarCom 300 Friendly Fire -81 Cogmind --------- Core Integrity 740/850 Matter 231/300 Energy 100/100 System Corruption 0% Temperature Cool (0) Movement Core (150) Ox2 Location -6/Factory Parts ------- > --- POWER (1) -------- (None) > --- PROPULSION (3) --- (None) > --- UTILITY (9) ------ Lightpack 2.0 Improved Signal Interpreter Advanced Targeting Computer Advanced Transmission Jammer Advanced Component Analysis Suite > --- WEAPON (2) ------- (None) > --- INVENTORY (40) --- PSU Rigger Long-range Missile Launcher Peak State ------------ > --- POWER ------------ (None) > --- PROPULSION ------- Improved Aluminum Leg Improved Aluminum Leg Improved Aluminum Leg > --- UTILITY ---------- Lightpack 2.0 Machine Analyzer Improved Signal Interpreter Advanced Targeting Computer Advanced Targeting Computer Advanced Transmission Jammer Advanced Component Analysis Suite > --- WEAPON ----------- Long-range Missile Launcher > --- INVENTORY -------- PSU Rigger [Rating: 68] Favorites ----------- Power Nuclear Core Engine Ion Engine Power Core Nuclear Core Reactor Cold Fusion Reactor Propulsion Flight Unit Treads Light Treads Leg Improved Aluminum Leg Hover Unit Gravmag Array Flight Unit Flight Unit Utility Advanced Targeting Computer Device Advanced Component Analysis Suite Storage Medium Storage Unit Processor Advanced Targeting Computer Protection Light Armor Plating Weapon Assault Rifle Ballistic Gun Assault Rifle Launcher Proton Missile Launcher Impact Weapon Flail Build | -11 -10 -10 -10 -9 -8 -8 -8 -8 -6 ------- Run | Scr Mat Min Exi Min Mat Sto Gar Rec Fac Slots Evolved 8 | . . . . . 4 . . . 4 Power . | . . . . . . . . . . Propulsion 1 | . . . . . 1 . . . . Utility 7 | . . . . . 3 . . . 4 Weapon . | . . . . . . . . . . Parts Attached 49 | . 1 5 10 . 19 4 2 5 3 Power 5 | . . 1 2 . 1 . . 1 . Engine 1 | . . 1 . . . . . . . Core 2 | . . . 1 . . . . 1 . Reactor 2 | . . . 1 . 1 . . . . Propulsion 14 | . . 2 3 . 5 1 . 3 . Treads 2 | . . . 2 . . . . . . Leg 3 | . . . . . . . . 3 . Wheel . | . . . . . . . . . . Hover 3 | . . . 1 . 2 . . . . Flight 6 | . . 2 . . 3 1 . . . Utility 19 | . . 1 3 . 9 1 2 1 2 Device 5 | . . . 1 . 1 . 2 . 1 Storage 2 | . . . 1 . . . . . 1 Processor 6 | . . . . . 4 1 . 1 . Hackware . | . . . . . . . . . . Protection 6 | . . 1 1 . 4 . . . . Artifact . | . . . . . . . . . . Weapon 11 | . 1 1 2 . 4 2 . . 1 Energy Gun . | . . . . . . . . . . Energy Cannon . | . . . . . . . . . . Ballistic Gun 4 | . 1 1 2 . . . . . . Ballistic Cannon . | . . . . . . . . . . Launcher 3 | . . . . . 1 1 . . 1 Special Weapon . | . . . . . . . . . . Impact Weapon 4 | . . . . . 3 1 . . . Slashing Weapon . | . . . . . . . . . . Piercing Weapon . | . . . . . . . . . . Special Melee Weapon . | . . . . . . . . . . Unidentified Prototypes 2 | . . . 2 . . . . . . Corrupted Parts 1 | . . . . . . 1 . . . System Corruption 5 | . . . . . . 5 . . . Parts Lost 19 | . . . 4 . 3 4 2 . 6 Power 2 | . . . 1 . . . . . 1 Propulsion 9 | . . . . . 2 2 2 . 3 Utility 4 | . . . 1 . 1 . . . 2 Weapon 4 | . . . 2 . . 2 . . . Highest Loss Streak 4 | . . . 4 . 1 3 2 . 3 To Critical Strikes . | . . . . . . . . . . Average Slot Usage (%) 60 | . 4 49 57 28 76 58 56 58 61 Engine 1 | . . 10 . . . . . . . Core 1 | . . . . . . . . 7 1 Reactor 1 | . . . . . 7 . . . . Treads 2 | . . . 7 . . . . . . Leg 3 | . . . . . . . . 8 16 Hover 4 | . . . 2 14 15 . . . . Flight 8 | . . 23 15 . 2 11 12 . . Device 4 | . . . 3 . . . 2 9 11 Storage 5 | . . . 7 14 9 9 7 . 5 Processor 16 | . . . . . 23 31 33 34 23 Protection 2 | . . . 5 . 3 . . . . Ballistic Gun 4 | . 4 14 11 . . . . . . Impact Weapon 2 | . . . . . 11 4 . . . Naked Turns 22 | . 22 . . . . . . . . Heaviest Build 32 | . 2 9 29 10 32 13 10 8 14 Greatest Support 40 | 3 3 8 40 20 32 12 10 39 39 Greatest Overweight (x) 4 | . . 1 4 . 2 2 2 2 . Average Overweight (x) . | . . . . . . . . . . Largest Inventory Capacity 40 | 5 5 5 10 10 10 10 10 5 40 Average Capacity 11 | 5 5 5 7 10 10 10 9 5 38 Most Carried 10 | 3 5 5 10 10 10 10 7 5 5 Average Carried 5 | 2 4 4 4 10 9 7 6 5 2 Final Capacity 40 | 5 5 5 10 10 10 10 5 5 40 Final Carried 10 | 3 5 5 10 10 10 7 5 5 2 Class Distribution -------------------- 89% | Mutant 10% | Hauler-Mutant Dominant Class ---------------- Mutant | -10/Materials Mutant | -10/Mines Mutant | -10/Exiles Mutant | -9/Mines Mutant | -8/Materials Mutant | -8/Storage Mutant | -8/Garrison Mutant | -8/Recycling Hauler-Mutant | -6/Factory Resources | -11 -10 -10 -10 -9 -8 -8 -8 -8 -6 ----------- Run | Scr Mat Min Exi Min Mat Sto Gar Rec Fac Matter Collected 765 | 191 . 69 215 . 213 62 . 15 . Remotely . | . . . . . . . . . . Salvage Created 526 | . . . . . 443 83 . . . Parts 26 | . . . . . 20 6 . . . Haulers Intercepted 1 | . . . . . 1 . . . . Recyclers Shooed . | . . . . . . . . . . Parts Field Recycled . | . . . . . . . . . . Retrieved Matter . | . . . . . . . . . . Parts Self-Destructed . | . . . . . . . . . . Prevented . | . . . . . . . . . . Kills | -11 -10 -10 -10 -9 -8 -8 -8 -8 -6 ------- Run | Scr Mat Min Exi Min Mat Sto Gar Rec Fac Combat Hostiles Destroyed 18 | . . . 1 . 12 5 . . . Melee 4 | . . . . . 3 1 . . . Guns 1 | . . . 1 . . . . . . AOE 9 | . . . . . 7 2 . . . Classes Destroyed 6 | . . . . . 6 . . . . Hauler 1 | . . . . . 1 . . . . Watcher 1 | . . . . . 1 . . . . Swarmer 10 | . . . . . 6 4 . . . Cutter 2 | . . . . . 2 . . . . Grunt 3 | . . . . . 2 1 . . . Sentry 2 | . . . . . 2 . . . . Best Kill Streak 7 | . . . 1 . 7 4 . . . Combat Bots Only 4 | . . . 1 . 4 4 . . . Max Kills in Single Turn 3 | . . . 1 . 3 2 . . . Gunslinging . | . . . . . . . . . . Exploded 3 | . . . . . 3 2 . . . Melee 1 | . . . . . 1 1 . . . Uniques/NPCs Destroyed 3 | . . . 3 . . . . . . EX-HEX (-10/Exiles) EX-BIN (-10/Exiles) 8R-AWN (-10/Exiles) Combat | -11 -10 -10 -10 -9 -8 -8 -8 -8 -6 -------- Run | Scr Mat Min Exi Min Mat Sto Gar Rec Fac Damage Taken 2239 | . 80 18 617 22 594 449 141 . 318 Core 689 | . 35 8 61 . 156 226 93 . 110 Absorbed by Shields 62 | . . . . . . . 62 . . Core Remaining (%) 57 | 100 . . . 58 . . . 13 . Volleys Fired 35 | . . . 20 . 13 1 . . 1 Largest 2 | . . . 2 . 1 1 . . 1 Hottest 43 | . . . 40 . 39 39 . . 43 Shots Fired 55 | . . . 40 . 13 1 . . 1 Gun 40 | . . . 40 . . . . . . Cannon . | . . . . . . . . . . Launcher 15 | . . . . . 13 1 . . 1 Special . | . . . . . . . . . . Kinetic 40 | . . . 40 . . . . . . Thermal . | . . . . . . . . . . Explosive 1 | . . . . . . . . . 1 Electromagnetic 14 | . . . . . 13 1 . . . Robot Hit Streak 9 | . . . 9 . 4 5 . . . Robot Miss Streak 3 | . . . 3 . 1 . . . . Penetration Max . | . . . . . . . . . . Secondary Targets . | . . . . . . . . . . Shots Hit Robots 52 | . . . 27 . 16 9 . . . Core Hits 30 | . . . 12 . 14 4 . . . Critical Kills 1 | . . . . . . 1 . . . Critical Parts Destroyed 2 | . . . . . 2 . . . . Critical Strikes 3 | . . . . . 2 1 . . . Smash 3 | . . . . . 2 1 . . . Melee Attacks 29 | . . . . . 18 11 . . . Impact 29 | . . . . . 18 11 . . . Slashing . | . . . . . . . . . . Piercing . | . . . . . . . . . . Sneak Attacks 1 | . . . . . 1 . . . . Combat Hostiles . | . . . . . . . . . . Follow-up Attacks 4 | . . . . . 4 . . . . Damage Inflicted 1802 | . . . 368 . 1069 359 . . 6 Guns 368 | . . . 368 . . . . . . Cannons . | . . . . . . . . . . Explosions 732 | . . . . . 637 95 . . . Melee 696 | . . . . . 432 264 . . . Ramming 6 | . . . . . . . . . 6 Kinetic 368 | . . . 368 . . . . . . Thermal 52 | . . . . . 52 . . . . Explosive . | . . . . . . . . . . Electromagnetic 680 | . . . . . 585 95 . . . Impact 696 | . . . . . 432 264 . . . Slashing . | . . . . . . . . . . Piercing . | . . . . . . . . . . Highest Corruption 5 | . . . . . . 5 5 5 . Average Corruption 5 | . . . . . . 5 5 5 . Corruption Purged . | . . . . . . . . . . Corruption Blocked . | . . . . . . . . . . Effects 11 | . . . . . . . 3 8 . Message Errors 4 | . . . . . . . 1 3 . Matter Fused 1 | . . . . . . . . 1 . Heat Flow Errors 3 | . . . . . . . . 3 . Energy Discharges 2 | . . . . . . . 2 . . Data Loss (minor) 1 | . . . . . . . . 1 . Overload Shots . | . . . . . . . . . . Overflow Damage 149 | . . . . . 109 35 . . 5 Projectiles . | . . . . . . . . . . Explosions 10 | . . . . . 2 3 . . 5 Melee 139 | . . . . . 107 32 . . . Knockbacks 1 | . . . . . . 1 . . . Impact 1 | . . . . . . 1 . . . Kinetic . | . . . . . . . . . . Secondary . | . . . . . . . . . . Self-Inflicted Damage 30 | . . . . . . . . . 30 Shots 1 | . . . . . . . . . 1 Rammed . | . . . . . . . . . . Targets Rammed 1 | . . . . . . . . . 1 Kicked 1 | . . . . . . . . . 1 Crushed . | . . . . . . . . . . Highest Temperature 215 | . . . . . 21 . . 215 . Average Temperature 87 | . . . . . 8 . . 105 . Received Heat Transfer 360 | . . . . 12 117 180 . . 51 Siege Activations . | . . . . . . . . . . Robots Corrupted 2 | . . . . . 1 1 . . . Combat Hostiles 2 | . . . . . 1 1 . . . Parts Fried 11 | . . . . . 9 2 . . . Impact Corruptions 10 | . . . . . 6 4 . . . Robots Melted . | . . . . . . . . . . Combat Hostiles . | . . . . . . . . . . Parts Melted . | . . . . . . . . . . Heat Transferred 100 | . . . . . 100 . . . . Parts Sabotaged . | . . . . . . . . . . Parts Stolen . | . . . . . . . . . . Parts Stripped . | . . . . . . . . . . Power Chain Reactions 4 | . . . . . 4 . . . . Missiles Intercepted . | . . . . . . . . . . Alert | -11 -10 -10 -10 -9 -8 -8 -8 -8 -6 ------- Run | Scr Mat Min Exi Min Mat Sto Gar Rec Fac Peak Influence 1031 | . 30 91 . . 669 261 258 171 1031 Initial 971 | . . 11 . . . 141 163 111 971 Average 305 | . 11 79 . . 262 218 184 145 991 Maximum Alert Level 3 | . . . . . 2 1 1 . 3 Low Security (%) 64 | 100 100 100 . 100 53 36 77 100 . Level 1 10 | . . . . . 16 63 22 . . Level 2 8 | . . . . . 30 . . . . Level 3 15 | . . . . . . . . . 100 Level 4 . | . . . . . . . . . . Level 5 . | . . . . . . . . . . High Security . | . . . . . . . . . . Max Security . | . . . . . . . . . . Squads Dispatched 9 | . 2 . . . 3 2 . . 2 Investigation 1 | . 1 . . . . . . . . Extermination . | . . . . . . . . . . Reinforcement 8 | . 1 . . . 3 2 . . 2 Assault . | . . . . . . . . . . Garrison . | . . . . . . . . . . Intercept . | . . . . . . . . . . Searches Triggered 1 | . . . . . 1 . . . . Construction Impeded 1 | . . . . . . . . . 1 Haulers Reinforced . | . . . . . . . . . . Active Scanning Responses . | . . . . . . . . . . Cargo Convoy Interrupts . | . . . . . . . . . . Stealth | -11 -10 -10 -10 -9 -8 -8 -8 -8 -6 --------- Run | Scr Mat Min Exi Min Mat Sto Gar Rec Fac Distress Signals 3 | . . . . . 3 . . . . Communications Jammed . | . . . . . . . . . . Distress Signals . | . . . . . . . . . . Times Spotted 108 | . 5 3 9 3 42 13 7 16 10 Peak Tracking Total 13 | . 4 3 6 3 13 5 8 6 8 Tactical Retreats 13 | . . . 2 . 8 1 1 . 1 Traps | -11 -10 -10 -10 -9 -8 -8 -8 -8 -6 ------- Run | Scr Mat Min Exi Min Mat Sto Gar Rec Fac Traps Triggered 7 | . 1 . . . 3 . 3 . . Indirectly 2 | . . . . . 2 . . . . Trap Hack Attempts . | . . . . . . . . . . Triggered . | . . . . . . . . . . Disarmed . | . . . . . . . . . . Reprogrammed . | . . . . . . . . . . Reused . | . . . . . . . . . . Traps Extracted . | . . . . . . . . . . Installed . | . . . . . . . . . . Triggered . | . . . . . . . . . . Power Sources Rigged 2 | . . . 1 . 1 . . . . Exploded 2 | . . . 1 . 1 . . . . Machines | -11 -10 -10 -10 -9 -8 -8 -8 -8 -6 ---------- Run | Scr Mat Min Exi Min Mat Sto Gar Rec Fac Machines Disabled 5 | . . . 3 . . . . . 2 Max in Single Turn 2 | . . . . . . . . . 2 Machines Sabotaged . | . . . . . . . . . . Garrisons Compromised . | . . . . . . . . . . Overloaded Fab Kills . | . . . . . . . . . . Hacking | -11 -10 -10 -10 -9 -8 -8 -8 -8 -6 --------- Run | Scr Mat Min Exi Min Mat Sto Gar Rec Fac Machines Accessed 4 | . . . . . 2 1 . . 1 Terminals 3 | . . . . . 2 . . . 1 Fabricators . | . . . . . . . . . . Repair Stations . | . . . . . . . . . . Recycling Units . | . . . . . . . . . . Scanalyzers . | . . . . . . . . . . Garrison Access 1 | . . . . . . 1 . . . Total Hacks 10 | . . . . . 5 1 . . 4 Successful 9 | . . . . . 4 1 . . 4 Failed 1 | . . . . . 1 . . . . Catastrophic 1 | . . . . . 1 . . . . Database Lockouts . | . . . . . . . . . . Manual 6 | . . . 1 . 2 . . . 3 Terminals 9 | . . . . . 5 . . . 4 Fabricators . | . . . . . . . . . . Repair Stations . | . . . . . . . . . . Recycling Units . | . . . . . . . . . . Scanalyzers . | . . . . . . . . . . Garrison Access 1 | . . . . . . 1 . . . Terminal Hacks 6 | . . . . . 3 . . . 3 Branch Access Points 1 | . . . . . . . . . 1 Emergency Access Points 1 | . . . . . 1 . . . . Locate Traps 2 | . . . . . 1 . . . 1 Zone Layout 2 | . . . . . 1 . . . 1 Fabricator Hacks . | . . . . . . . . . . Repair Station Hacks . | . . . . . . . . . . Recycling Unit Hacks . | . . . . . . . . . . Scanalyzer . | . . . . . . . . . . Garrison Access Hacks 1 | . . . . . . 1 . . . Unlock Access 1 | . . . . . . 1 . . . Unauthorized Hacks 2 | . . . . . 1 . . . 1 Terminals 2 | . . . . . 1 . . . 1 Botnet 2 | . . . . . 1 . . . 1 Fabricators . | . . . . . . . . . . Repair Stations . | . . . . . . . . . . Recycling Units . | . . . . . . . . . . Scanalyzers . | . . . . . . . . . . Garrison Access . | . . . . . . . . . . Data Cores Recovered . | . . . . . . . . . . Used . | . . . . . . . . . . Hacking Detections 3 | . . . . . 2 . . . 1 Full Trace Events . | . . . . . . . . . . Feedback Events . | . . . . . . . . . . Feedback Blocked . | . . . . . . . . . . Robot Schematics Acquired . | . . . . . . . . . . Robots Built . | . . . . . . . . . . Authchips . | . . . . . . . . . . Time . | . . . . . . . . . . Total Robot Build Rating . | . . . . . . . . . . Part Schematics Acquired . | . . . . . . . . . . Parts Built . | . . . . . . . . . . Authchips . | . . . . . . . . . . Time . | . . . . . . . . . . Total Part Build Rating . | . . . . . . . . . . Parts Repaired . | . . . . . . . . . . Time . | . . . . . . . . . . Parts Recycled . | . . . . . . . . . . Recycled Matter . | . . . . . . . . . . Retrieved Matter . | . . . . . . . . . . Retrieved Components . | . . . . . . . . . . Parts Scanalyzed . | . . . . . . . . . . Part Schematics Acquired . | . . . . . . . . . . Parts Damaged . | . . . . . . . . . . Bothacking | -11 -10 -10 -10 -9 -8 -8 -8 -8 -6 ------------ Run | Scr Mat Min Exi Min Mat Sto Gar Rec Fac Used RIF Installer . | . . . . . . . . . . Robots Hacked . | . . . . . . . . . . Non-combat . | . . . . . . . . . . Combat . | . . . . . . . . . . Robot Hacks Applied . | . . . . . . . . . . Relay Couplers Released . | . . . . . . . . . . Fabnet Peak Effective % . | . . . . . . . . . . Robots Rewired . | . . . . . . . . . . Allies Hacked . | . . . . . . . . . . Hacks Repelled . | . . . . . . . . . . Allies | -11 -10 -10 -10 -9 -8 -8 -8 -8 -6 -------- Run | Scr Mat Min Exi Min Mat Sto Gar Rec Fac Total Allies 5 | . . 5 . . . . . . . Largest Group 4 | . . 4 4 . . . . . . Highest-Rated Group 75 | . . 75 75 . . . . . . Highest-Rated Ally 31 | . . 31 31 . . . . . . Total Orders 3 | . . . 3 . . . . . . STAY 2 | . . . 2 . . . . . . FOLLOW 1 | . . . 1 . . . . . . Ally Attacks 58 | . . 15 43 . . . . . . Total Damage 1731 | . . 103 1628 . . . . . . Kills 12 | . . 4 8 . . . . . . Allies Corrupted . | . . . . . . . . . . Allies Melted . | . . . . . . . . . . Turrets Deployed 3 | . . . 3 . . . . . . Intel | -11 -10 -10 -10 -9 -8 -8 -8 -8 -6 ------- Run | Scr Mat Min Exi Min Mat Sto Gar Rec Fac Robot Analysis Total . | . . . . . . . . . . Derelict Logs Recovered . | . . . . . . . . . . Drone Launches . | . . . . . . . . . . Drone Recoveries . | . . . . . . . . . . Exploration | -11 -10 -10 -10 -9 -8 -8 -8 -8 -6 ------------- Run | Scr Mat Min Exi Min Mat Sto Gar Rec Fac Turns Passed 2012 | 20 38 177 569 8 413 109 75 375 228 Spaces Moved 2444 | 34 66 353 814 14 485 77 72 349 180 Core 409 | 34 66 41 1 . . . 9 258 . Treads 48 | . . . 48 . . . . . . Legs 271 | . . . . . . . . 91 180 Wheels . | . . . . . . . . . . Hover 584 | . . . 128 14 442 . . . . Flight 1132 | . . 312 637 . 43 77 63 . . Fastest Speed 37 | 50 50 37 37 60 37 37 37 50 120 Average Speed 66 | 50 50 39 56 60 60 78 40 103 120 Slowest Speed 250 | 50 50 117 250 60 210 200 200 150 120 Overloaded Moves . | . . . . . . . . . . Propulsion Burnouts . | . . . . . . . . . . Robots Hopped 2 | . . . 2 . . . . . . Cave-ins Triggered . | . . . . . . . . . . Exploration Rate (%) 34 | 3 22 61 69 10 47 13 29 78 10 Regions Visited 9 Branch Regions 5 Pre-discovered Areas . | . . . . . . . . . . Known Exits Taken 3 | . . . . . 1 1 . 1 . Unknown Exits Taken 5 | 1 1 1 1 1 . . . . . Scrap Searched 1 | . . 1 . . . . . . . Spaces Dug . | . . . . . . . . . . Terrain Destroyed 29 | . . . . . 22 . . . 7 Melee . | . . . . . . . . . . Projectile . | . . . . . . . . . . AOE 29 | . . . . . 22 . . . 7 Terrain Rammed . | . . . . . . . . . . Walls Destroyed . | . . . . . . . . . . Machines Disabled . | . . . . . . . . . . Actions | -11 -10 -10 -10 -9 -8 -8 -8 -8 -6 --------- Run | Scr Mat Min Exi Min Mat Sto Gar Rec Fac Total 2736 | 36 70 390 890 13 564 104 117 361 191 Wait 80 | . . 29 15 . 13 11 . 8 4 Move 2432 | 33 65 352 809 13 484 77 71 348 180 Hop 2 | . . . 2 . . . . . . Pick Up 29 | 3 3 1 12 . 9 . . . 1 Fast Attach 29 | . 1 3 10 . 9 1 . 5 . Attach 15 | . . 2 . . 7 3 . . 3 Detach 11 | . . 2 4 . 4 . . . 1 Swap 5 | . . . . . 3 . 2 . . Drop 29 | . 1 1 17 . 8 . 2 . . Fire 35 | . . . 20 . 13 1 . . 1 Melee 24 | . . . . . 13 11 . . . Ram . | . . . . . . . . . . Kick 1 | . . . . . . . . . 1 Crush . | . . . . . . . . . . Escape Stasis 42 | . . . . . . . 42 . . Rewire . | . . . . . . . . . . Trap 2 | . . . 1 . 1 . . . . Miscellaneous . | . . . . . . . . . . Route ------- -11/Scrapyard -10/Materials -10/Mines (discovered 2 exits: [*Mat] / *Exi) -10/Exiles -9/Mines -8/Materials (discovered 2 exits: *Fac / *Sto) -8/Storage -8/Garrison -8/Recycling -6/Factory (discovered 2 exits: Low x2) History --------- Turn | Location | Event 8 | -11/Scrapyard | Discovered new exit (range 16) 21 | -11/Scrapyard | Entered Materials 52 | -10/Materials | Discovered new exit (range 15) 59 | -10/Materials | Entered Mines 61 | -10/Mines | Assisted by bots powering up and referring to "LRC-V3" 195 | -10/Mines | Discovered new exit (range 11) 211 | -10/Mines | Deemed a non-threat by the Exiles lab entrance 212 | -10/Mines | Discovered new exit (range 5) 236 | -10/Mines | Entered Exiles 236 | -10/Exiles | Accompanied by 4 allies 246 | -10/Exiles | Met 8R-AWN 252 | -10/Exiles | Met EX-HEX 266 | -10/Exiles | Led the pair of lost Derelicts to a safe place 266 | -10/Exiles | Met EX-BIN 278 | -10/Exiles | Aligned with FarCom system 279 | -10/Exiles | Given EX-Vault access code 287 | -10/Exiles | Opened EX-Vault 289 | -10/Exiles | Found Deploy-a-Sentry 290 | -10/Exiles | Found Deploy-a-Sentry 291 | -10/Exiles | Found Deploy-a-Sentry 293 | -10/Exiles | Found Prototype Device 293 | -10/Exiles | Identified PSU Rigger 305 | -10/Exiles | Warned to stay clear of 0b10 Research branches 314 | -10/Exiles | Build established: Mutant 325 | -10/Exiles | DAS Turret deployed 327 | -10/Exiles | DAS Turret deployed 335 | -10/Exiles | DAS Turret deployed 358 | -10/Exiles | Found Prototype Storage 465 | -10/Exiles | Met EX-DEC 563 | -10/Exiles | Attacked by the Exiles 568 | -10/Exiles | Allies destroyed EX-HEX 568 | -10/Exiles | Allies destroyed EX-BIN 628 | -10/Exiles | Destroyed 8R-AWN 799 | -10/Exiles | Discovered new exit (range 10) 805 | -10/Exiles | Stole two prototypes: Lightpack 2.0, PSU Rigger 805 | -10/Exiles | Entered Mines 808 | -9/Mines | Met a Derelict bent on vengeance 809 | -9/Mines | Discovered new exit (range 8) 811 | -9/Mines | Lost 4 parts (1p1u2w) 813 | -9/Mines | Entered Materials 813 | -8/Materials | Evolved 4 slots: Propulsion x1, Utility x3 1137 | -8/Materials | Discovered new exit (range 16) 1146 | -8/Materials | Discovered new exit (range 15) 1155 | -8/Materials | Identified exit to Factory 1213 | -8/Materials | Search patrols dispatched 1226 | -8/Materials | Identified exit to Storage 1226 | -8/Materials | Entered Storage 1284 | -8/Storage | Lost 3 parts (2n1w) 1323 | -8/Storage | Core integrity fell below 50% 1335 | -8/Storage | Identified exit to Garrison 1335 | -8/Storage | Entered Garrison 1370 | -8/Garrison | Triggered checkpoint 1404 | -8/Garrison | Core integrity fell below 20% 1407 | -8/Garrison | Discovered new exit (range 8) 1410 | -8/Garrison | Identified exit to Recycling 1410 | -8/Garrison | Entered Recycling 1424 | -8/Recycling | Identified Lightpack 2.0 1424 | -8/Recycling | Spotter reported a threat 1438 | -8/Recycling | Spotter reported a threat 1448 | -8/Recycling | Spotter reported a threat 1461 | -8/Recycling | Spotter reported a threat 1480 | -8/Recycling | Spotter reported a threat 1501 | -8/Recycling | Spotter reported a threat 1528 | -8/Recycling | Spotter reported a threat 1528 | -8/Recycling | Spotter reported a threat 1531 | -8/Recycling | Spotter reported a threat 1557 | -8/Recycling | Spotter reported a threat 1583 | -8/Recycling | Spotter reported a threat 1612 | -8/Recycling | Spotter reported a threat 1619 | -8/Recycling | Spotter reported a threat 1622 | -8/Recycling | Spotter reported a threat 1634 | -8/Recycling | Spotter reported a threat 1640 | -8/Recycling | Spotter reported a threat 1642 | -8/Recycling | Spotter reported a threat 1652 | -8/Recycling | Spotter reported a threat 1665 | -8/Recycling | Spotter reported a threat 1683 | -8/Recycling | Spotter reported a threat 1735 | -8/Recycling | Spotter reported a threat 1736 | -8/Recycling | Spotter reported a threat 1752 | -8/Recycling | Spotter reported a threat 1777 | -8/Recycling | Discovered new exit (range 6) 1783 | -8/Recycling | Identified exit to Factory 1785 | -8/Recycling | Entered Factory 1785 | -6/Factory | Evolved 4 slots: Utility x4 1899 | -6/Factory | Identified exit to Lower Caves 2007 | -6/Factory | Lost 3 parts (1n2u) 2013 | -6/Factory | Self-destructed Last Messages --------------- 01949_ U-05 Engineer lays Concrete. 01954_ U-05 Engineer builds a Wall. 01958_ >> Machine Analyzer network decryption results: 01958_ Recycling Unit x2 01965_ >> Machine Analyzer network decryption results: 01965_ DSF Access x1 01965_ Terminal x2 01971_ >> Machine Analyzer network decryption results: 01971_ Repair Station x1 01973_ Machine Analyzer destroyed. 01973_ Adv. Targeting Computer destroyed. 01976_ Imp. Aluminum Leg destroyed. 01987_ Kicked U-05 Engineer out of the way. 01988_ ALERT: Construction progress impeded, dispatching reinforcements to local area. 02003_ K-01 Serf cleans the Terminal. 02009_ Penetrated by Slug. 02009_ Slug penetrates K-01 Serf. 02012_ Imp. Aluminum Leg destroyed. 02013_ Penetrated by Slug. Map ----- +----------------------------------------------------+ | ?????????????????????????????????????????????????? | | ?????????????????????????????????????????????"""?? | | ?????????????????????????????????????????????"""?? | | ?????????????????????????????????????????????"""?? | | ?????????????????????????????????????????????????? | | ?????????????????????????????????????????????????? | | ?????????????????????????????????????????????????? | | ?????????????????????????????????????????????????? | | ?????????????????????????????????????????????????? | | ?????????????????????????????????????????????????? | | ?????????????????????????????????????????????????? | | ?????????????????????????????????????????????????? | | ?????????????????????????????????????????????????? | | ?????????????????????????????????????????????????? | | ?????????????????????????????????????????????????? | | ?????????????????????????????????????????????????? | | ?????????????????????????????????????????????????? | | ?????????????##########+###??????????????????????? | | ???????????? #??????????????????????? | | ???????????? #??????????????????????? | | ????????????h " #??????????????????????? | | ??????????? T #??####????????????????? | | ??????????? u " #? ???????????????? | | ?????????????#h #?""" ! ??????????????? | | ?????????????# # """ #????????????? | | ?????????????# @# """ !/ #????????????? | | ?????????????# w k + /[ #????????????? | | ?????????????# # #????????????? | | ?????????????# u # #????????????? | | ?????????????# #? #????????????? | | ?????????????##### """"k #?#########????????????? | | ?????????????????# """" #??????????????????????? | | ?????????????????# """" #??????????????????????? | | ?????????????????# """" #??????????????????????? | | ?????????????????# """" #??????????????????????? | | ?????????????????# """" k##?????????????????????? | | ?????????????????# """"gk"#?????????????????????? | | ????????????###### g "#?????????????????????? | | ???????????? # """" u"#?????????????????????? | | ??????"""?""" # """" T#?????????????????????? | | ????# """?""" !# """" "#?????????????????????? | | ????# """?""" # """" "#?????????????????????? | | ????# # """" "#?????????????????????? | | ????# """ # """" #######????????????????? | | ????# """ ! # """" ???????????????? | | #???? """ # ???????????????? | | #?????" " # ???????????????? | | #?????"R" ! # ???????????????? | | #?????"""? # ???????????????? | | #??????????? # ######### ????????????????? | +----------------------------------------------------+ Best States ------------- Heat Dissipation 37 Energy Generation 17 Energy Capacity 250 Matter Stores 300 Matter Capacity 300 Sight Range 16 Terrain Scan Density 10 Jamming Range 16 Armor Coverage 150 Evasion (%) 62 Targeting Accuracy 24 Recoil Reduction 2 Item Schematics ----------------- None Robot Schematics ------------------ None Fabricated ------------ Nothing Alien Tech Used ----------------- None Achievements -------------- None Challenges ------------ None Game ------ Seed LinearAdvancedSteel Manual? 1 Play Time 00:48:48 Cumulative 258.0 hours Start 2022.04.19 @ 13:00:52 End 2022.04.19 @ 17:37:31 Sessions 1 Manual Loads 0 Difficulty Rogue Special Mode None Game No. 132 Rogue 128 Adventurer 0 Explorer 4 Win Type - Total 15 Types 4/0/2/3/1/2/3/0/0 Lore% 75 Gallery% 80 Achievement% 73 Wizard Run 0 Options --------- ASCII 0 Keyboard 0 Movement Mouse Keybinds 0 Fullscreen 1 Font 18/SmallcapsGlow Map View 76x50 Tactical HUD 1 Map Filters NONE Filters NONE Steam 1 RUN: 199e8273-edff-468c-94a4-c9a7f5ec088b